 Dungeon Crawl Stone Soup version 0.16.0-12-g7215832 (webtiles) character file.

44 JustSomeDude the Skirmisher (level 3, 0/30 HPs)
             Began as a Demonspawn Abyssal Knight on Mar 18, 2015.
             Was a Believer of Lugonu.
             Killed by a spatial distortion (2 damage)
             ... on level 3 of the Dungeon.
             The game lasted 00:19:33 (2402 turns).

JustSomeDude the Skirmisher (DsAK)                  Turns: 2402, Time: 00:19:33

Health: 0/30       AC:  3    Str: 12 (13) XL:     3   Next: 39%
Magic:  3/4        EV: 10    Int: 13      God:    Lugonu [**....]
Gold:   120        SH:  5    Dex: 12      Spells: 0 memorised, 2 levels left

rFire  . . .     SeeInvis .     a - +1 falchion
rCold  . . .     Clarity  .     b - +0 leather armour
rNeg   . . .     SustAb   .     q - +2 buckler
rPois  .         Gourm    .     (no helmet)
rElec  .         Spirit   .     (no cloak)
rCorr  .         Warding  .     (no gloves)
rMut   .         Stasis   .     (no boots)
MR     .....                    (no amulet)
Stlth  ++........               (no ring)
                                (no ring)

@: lethally poisoned (0 -> -3), not resistant to hostile enchantments,
unstealthy
A: talons 1, nightstalker 1
a: Depart the Abyss, Bend Space, Renounce Religion


You were on level 3 of the Dungeon.
You worshipped Lugonu.
Lugonu was pleased with you.
You were not hungry.

You visited 1 branch of the dungeon, and saw 4 of its levels.
You visited the Abyss 1 time.

You collected 120 gold pieces.

Inventory:

Hand weapons
 a - a +1 falchion (weapon)
Missiles
 d - 16 poisoned needles (quivered)
 r - 29 stones
Armour
 b - a +0 leather armour (worn)
 q - a +2 buckler (worn)
Jewellery
 g - an uncursed ring of positive energy {unknown}
Scrolls
 e - 2 scrolls of magic mapping {unknown}
 h - a scroll of teleportation {unknown}
 j - a scroll of enchant weapon {unknown}
 k - 2 scrolls of remove curse {unknown}
 l - a scroll of identify {unknown}
 m - a scroll of enchant armour {unknown}
 n - 3 scrolls of recharging {unknown}
 o - a scroll of noise {unknown}
Potions
 f - a potion of restore abilities
 i - a potion of heal wounds
 p - a potion of haste
Comestibles
 c - a bread ration
 s - 2 meat rations
 t - a royal jelly


   Skills:
 + Level 3.7 Fighting
 + Level 2.0 Long Blades
 + Level 2.1 Armour
 + Level 1.1 Dodging
 + Level 0.4 Stealth
 + Level 2.8 Invocations


You had 2 spell levels left.
You didn't know any spells.

Dungeon Overview and Level Annotations

Branches:
Dungeon (4/15)
 Temple: D:4-7

Altars:
Ashenzari
Fedhas
Nemelex Xobeh
Trog
Xom
Yredelemnul
The Shining One


Innate Abilities, Weirdness & Mutations

You have sharp toenails.
You are slightly more attuned to the shadows.


Message History

Found a robe.
You feel sick. You block the adder's attack.
You feel sick.
You are no longer poisoned.
The adder bites you.
* * * LOW HITPOINT WARNING * * *
You are lethally poisoned!
The adder poisons you!
You aren't carrying or standing over any spellbooks.
Use which ability? (? or * to list) Use which ability? (? or * to list) Space bends around you!
You blink.
* * * LOW HITPOINT WARNING * * *
You feel slightly more hungry.
* * * LOW HITPOINT WARNING * * *
You feel sick.
Use which ability? (? or * to list) Space bends around you!
You blink.
You die...

####......#
########..###
#.........+
.........)'
#.##......#
######..## #
#.######
.....## #.#
?......#
#J######
.......#
#......#
.......#
+......#
######
#.S.§@.#
##_8..#
#.§....#
#....._
########
###..##
#_....8
###..##
#...._
###..##
#8...._
###..##


You could see an ooze and an adder.

Vanquished Creatures
  A giant gecko (D:1)
  5 giant cockroaches
  5 goblins
  3 hobgoblins
  6 jackals (D:3)
  A ball python (D:2)
  3 bats
  3 giant newts
  5 kobolds
  2 quokkas
  5 rats
39 creatures vanquished.

Notes
Turn   | Place    | Note
--------------------------------------------------------------
     0 | Abyss:1  | JustSomeDude, the Demonspawn Abyssal Knight, began the quest for the Orb.
     0 | Abyss:1  | Reached XP level 1. HP: 18/18 MP: 1/1
     1 | Abyss:1  | Found a corrupted altar of Lugonu.
     7 | Abyss:1  | Found a corrupted altar of Lugonu.
   156 | Abyss:1  | Found a corrupted altar of Lugonu.
   174 | D:1      | Escaped the Abyss
   187 | D:1      | Noticed an electric eel
   193 | D:1      | Noticed an electric eel
   347 | D:1      | Gained mutation: You have sharp toenails. [demonic ancestry]
   347 | D:1      | Reached XP level 2. HP: 24/24 MP: 2/2
   759 | D:1      | Acquired Lugonu's second power
  1210 | D:2      | Found a shimmering altar of Xom.
  1823 | D:3      | Gained mutation: You are slightly more attuned to the shadows. [demonic ancestry]
  1823 | D:3      | Reached XP level 3. HP: 21/29 MP: 4/4
  2027 | D:3      | Reached skill level 1 in Dodging
  2132 | D:3      | Found a bloodstained altar of Trog.
  2164 | D:3      | Found a glowing golden altar of the Shining One.
  2166 | D:3      | Found a basalt altar of Yredelemnul.
  2166 | D:3      | Found a shattered altar of Ashenzari.
  2180 | D:3      | Found a sparkling altar of Nemelex Xobeh.
  2185 | D:3      | Found a blossoming altar of Fedhas.
  2402 | D:3      | Killed by a spatial distortion

Action                   || total
-------------------------++-------
Melee: Falchion          ||   107
Throw: Stone             ||     3
Invok: Bend Space        ||     2
  Use: Potion            ||     7
  Eat: Bread ration      ||     1
       Chunk             ||     1
